 Dungeon Crawl Stone Soup version 0.18-a0-270-ga9d907f (webtiles) character file.

240 Duffy the Poker (level 5, -5/41 HPs)
             Began as a Centaur Skald on Nov 27, 2015.
             Was a Follower of Makhleb.
             Slain by an iguana (13 damage)
             ... on level 3 of the Dungeon.
             The game lasted 00:05:53 (5120 turns).

Duffy the Poker (Centaur Skald)                     Turns: 5120, Time: 00:05:54

Health: -5/41      AC:  4    Str: 15    XL:     5   Next: 79%
Magic:  7/7        EV:  9    Int: 11    God:    Makhleb [*.....]
Gold:   167        SH:  0    Dex:  9    Spells: 1 memorised, 6 levels left

rFire  . . .     SeeInvis .     w - +0 halberd
rCold  . . .     Clarity  .     b - +0 leather armour
rNeg   . . .     SustAt   .     (shield currently unavailable)
rPois  .         Gourm    .     (no helmet)
rElec  .         Spirit   .     (no cloak)
rCorr  .         Warding  .     (no gloves)
rMut   .         Stasis   .     (no barding)
MR     .....                    (no amulet)
Stlth  ..........               (no ring)
                                (no ring)

@: very quick, not resistant to hostile enchantments, extremely unstealthy
A: hooves 3, deformed body, speed 2, tough skin 3
a: Renounce Religion


You were on level 3 of the Dungeon.
You worshipped Makhleb.
Makhleb was aware of your devotion.
You were very hungry.

You visited 1 branch of the dungeon, and saw 4 of its levels.

You collected 167 gold pieces.


Innate Abilities, Weirdness & Mutations

You have hooves in place of feet.
Armour fits poorly on your strangely shaped body.
You cover ground very quickly.
You have extremely tough skin (AC +3).


   Skills:
 - Level 2.0 Fighting
 + Level 5.6 Polearms
 - Level 0.6 Armour
 - Level 0.6 Dodging
 - Level 1.5 Spellcasting
 - Level 2.6 Charms


You had 6 spell levels left.
You knew the following spells:

 Your Spells              Type           Power        Failure   Level  Hunger
a - Infusion              Chrm           #.....       14%         1    ##.....

Inventory:

Hand Weapons
 a - a +0 spear
 w - a +0 halberd (weapon)
Missiles
 h - 23 poisoned needles
 s - 8 curare-tipped needles
Armour
 b - a +0 leather armour (worn)
Jewellery
 r - an uncursed ring of wizardry {unknown}
 u - an uncursed ring of magical power {unknown}
Scrolls
 f - a scroll of fog {unknown}
 j - a scroll of amnesia {unknown}
 m - 3 scrolls of enchant armour {unknown}
 p - 3 scrolls of identify {unknown}
 q - 2 scrolls of random uselessness {unknown}
 v - 2 scrolls of noise {unknown}
Potions
 g - a potion of magic {unknown}
 i - a potion of invisibility {unknown}
 k - a potion of beneficial mutation {unknown}
 l - a potion of agility {unknown}
 o - a potion of resistance {unknown}
Books
 c - a book of Battle
 e - a book of the Tempests
Comestibles
 d - 4 bread rations
 n - 3 meat rations
 t - a beef jerky

Dungeon Overview and Level Annotations

Branches:
Dungeon (4/15)
 Temple: D:4-7

Altars:
Elyvilon
Makhleb
Nemelex Xobeh
Yredelemnul

Annotations:
D:4 George's ghost, amateur FoFi


Message History

You are feeling hungry.
Done exploring.
Done exploring.
Read which item? (? for menu, Esc to quit)
Okay, then.
(D) Dungeon
Where to? (* - list waypoints, Enter - D:4, ? - help)
There is a stone staircase leading down here.
You climb downwards.
Level annotation: George's ghost, amateur FoFi The iguana hisses angrily.
George's ghost closely misses you. George's ghost hits you!
There is a stone staircase leading up, spattered with blood here.
George's ghost hits you but does no damage.
You climb upwards.
There is a stone staircase leading down here.
You are feeling very hungry.
You climb downwards.
Level annotation: George's ghost, amateur FoFi The iguana bites you!
George's ghost hits you!
There is a stone staircase leading up, spattered with blood here.
The iguana bites you! George's ghost hits you.
You climb upwards.
There is a stone staircase leading down here.
The iguana bites you.
You are too injured to fight recklessly!
Attack whom?
Press: ? - help, Dir - move target cursor, f - iguana
Aim: an iguana You reach to attack!
You closely miss the iguana.
Attack whom?
Press: ? - help, Dir - move target cursor, f/p - iguana
Aim: an iguana You reach to attack!
You hit the iguana but do no damage. The iguana bites you!
You die...

# #.####..###.#####.# # #.# #.##
##...##.# # ####.####.# #.#.##.#
# #.......#.## ##.#.##.#
##########.......##.###..[....#
#..............<.###....##.#.##
#.#####..#..###......##.#....#
....>....#.## ##l....##.#.#..###
.........#.# #@....##.#.).(..#
.........#.## ##.....##......#(#
..##.##..#..###......####..###.#
#..............####### #....#.#
#.##.#####..#### #.##.#.# #.##.#
#..# #......# #.##.#####..#
####.### ..##........######
#######.# ...#######.......#
###.......#


You could see an iguana.

Action                   |  1- 3 |  4- 6 || total
-------------------------+-------+-------++-------
Melee: Spear             |   144 |    92 ||   236
       Halberd           |       |    26 ||    26
  Eat: Chunk             |     3 |     4 ||     7
       Pizza             |       |     2 ||     2

Notes
Turn   | Place    | Note
--------------------------------------------------------------
     0 | D:1      | Duffy the Centaur Skald began the quest for the Orb.
     0 | D:1      | Reached XP level 1. HP: 17/17 MP: 3/3
    90 | D:1      | Reached skill level 2 in Polearms
   909 | D:2      | Reached XP level 2. HP: 24/24 MP: 4/4
   952 | D:2      | Found a burning altar of Makhleb.
   956 | D:2      | Reached skill level 3 in Polearms
   961 | D:2      | Became a worshipper of Makhleb the Destroyer
  1304 | D:2      | Reached XP level 3. HP: 20/29 MP: 5/5
  1310 | D:2      | Found a basalt altar of Yredelemnul.
  1327 | D:2      | Found a sparkling altar of Nemelex Xobeh.
  1333 | D:2      | Found a white marble altar of Elyvilon.
  2169 | D:3      | Noticed Alethiolet's ghost (amateur FoCK)
  2311 | D:3      | Reached skill level 4 in Polearms
  2311 | D:3      | Reached XP level 4. HP: 28/36 MP: 6/6
  3340 | D:3      | Reached * piety under Makhleb
  3602 | D:4      | Noticed George's ghost (amateur FoFi)
  3749 | D:4      | Noticed an ogre
  3967 | D:3      | Reached XP level 5. HP: 18/41 MP: 7/7
  4636 | D:3      | Killed Alethiolet's ghost
  4636 | D:3      | Reached skill level 5 in Polearms
  5120 | D:3      | Slain by an iguana

Vault maps used:
D:1:      grunt_arrival_lava_bath
D:2:      minmay_overflow_temple_star_quad, makhleb_grotto_becter
D:4:      serial_shops, shop, first_bread, minmay_vboxes

Vanquished Creatures
  The ghost of Alethiolet the Poker, an amateur FoCK of Xom
  A hound
  6 adders
  4 gnolls
  A shadow imp
  An ooze
  A giant gecko
  4 bats
  2 giant cockroaches
  4 hobgoblins
  2 quokkas
  2 giant newts
  3 goblins
  6 kobolds
  2 rats
40 creatures vanquished.
